 Dungeon Crawl Stone Soup version 0.29.1-15-g9cfb28693d (webtiles) character file.

Game seed: 17868988035006067671

370 GigaChad the Chopper (level 6, -2/52 HPs)
             Began as a Minotaur Gladiator on Mar 11, 2023.
             Slain by a killer bee (5 damage)
             ... on level 4 of the Dungeon.
             The game lasted 00:03:39 (3968 turns).

GigaChad the Chopper (Minotaur Gladiator)           Turns: 3968, Time: 00:03:40

Health: -2/52      AC:  9    Str: 20    XL:     6   Next: 42%
Magic:  5/5        EV:  9    Int:  5    God:
Gold:   218        SH:  0    Dex: 12    Spells: 5/5 levels left

rFire   . . .      SeeInvis .   a - +0 war axe
rCold   . . .      Faith    .   (no shield)
rNeg    . . .      Spirit   .   f - +0 chain mail
rPois   .          Reflect  .   c - +0 hat
rElec   .          Harm     .   (no cloak)
rCorr   .          Rampage  .   (no gloves)
Will    .....                   (no boots)
Stlth   ..........              (no amulet)
HPRegen 0.17/turn               (no ring)
MPRegen 0.09/turn               (no ring)

@: lethally poisoned (-2 -> -23)
A: horns 2, retaliatory headbutt
a: no special abilities


You were on level 4 of the Dungeon.
You visited 1 branch of the dungeon, and saw 4 of its levels.

You collected 218 gold pieces.

Inventory:

Hand Weapons
 a - a +0 war axe (weapon)
Missiles
 d - 3 throwing nets (quivered)
 e - a javelin
Armour
 b - a +0 leather armour
 c - a +0 hat (worn)
 f - a +0 chain mail (worn)
Jewellery
 l - an amulet of magic regeneration
Wands
 o - a wand of paralysis (6)
 q - a wand of flame (16)
Scrolls
 g - 4 scrolls of identify
 m - a scroll of teleportation {unknown}
 r - a scroll of poison {unknown}
Potions
 h - 4 potions of curing
 i - 2 potions of attraction {unknown}
 j - 2 potions of brilliance {unknown}
 k - 2 potions of heal wounds {unknown}
 n - a potion of cancellation {unknown}
Miscellaneous
 p - a piece from Xom's chessboard (15/15)


   Skills:
 + Level 3.9 Fighting
 + Level 6.2 Axes
 + Level 2.3 Throwing
 + Level 4.0 Armour
 + Level 4.0 Dodging


You had 5 spell levels left.
You didn't know any spells.
Your spell library contained the following spells:

 Spells                   Type           Power      Damage    Failure   Level
 Necrotise                Necr           0%         1d4       99%         1
 Vampiric Draining        Necr           0%         2d6       100%        3
 Agony                    Necr           0%         N/A       100%        5


Dungeon Overview and Level Annotations

Branches:
Dungeon (4/15)
 Temple: D:4-7

Altars:
Wu Jian
Xom
Yredelemnul


Innate Abilities, Weirdness & Mutations

You have a pair of horns on your head.
You reflexively headbutt those who attack you in melee.


Message History

The killer bee stings you.
You are more poisoned.
The killer bee poisons you!
The killer bee stings you but does no damage.
The killer bee closely misses you. The killer bee barely misses you.
You furiously retaliate!
You headbutt the killer bee. The killer bee barely misses you.
Your Armour skill increases to level 4!
You barely miss the killer bee.
The killer bee is severely wounded.
You hit the killer bee but do no damage.
You completely miss the killer bee.
You feel extremely sick. The killer bee closely misses you.
The killer bee barely misses you. You furiously retaliate!
You headbutt the killer bee!
The killer bee stings you but does no damage.
The killer bee stings you. x2
You are more poisoned.
The killer bee poisons you! The killer bee barely misses you.
You are too injured to fight recklessly!
You are too injured to fight recklessly!
There is a lethal amount of poison in your body!
You are too injured to fight recklessly!
There is a lethal amount of poison in your body!
You are too injured to fight recklessly!
There is a lethal amount of poison in your body!
You are too injured to fight recklessly!
You miss the killer bee.
The killer bee is moderately wounded.
You hit the killer bee. You completely miss the killer bee.
* * * LOW HITPOINT WARNING * * *
You feel extremely sick. The killer bee closely misses you.
The killer bee barely misses you. You furiously retaliate!
You headbutt the killer bee!
You kill the killer bee!
The killer bee barely misses you. The killer bee stings you!
* * * LOW HITPOINT WARNING * * *
The killer bee stings you but does no damage. x2
The killer bee stings you.
You die...

...........
........................
........................
...#####+#..............
...#.....#..............
...'.....#..............
...#.....#..............
...##....#.....†yy......
....#<...#######@##
....#.............#
....#.............#
....#.............#
....###..##+###...#
......#..##..##...##...
......'................
....[.#.............(..#
......#................#


You could see 2 killer bees.

Vanquished Creatures
  An ogre (D:4)
  Blork the orc (D:4)
  2 killer bees (D:4)
  A hound (D:4)
  A scorpion zombie (D:3)
  5 adders
  A white imp (D:4)
  An adder zombie (D:3)
  A worm (D:3)
  5 endoplasms
  2 giant cockroaches (D:3)
  6 goblins
  7 hobgoblins
  7 jackals
  4 quokkas
  8 ball pythons
  8 bats
  2 frilled lizards (D:2)
  5 kobolds
  3 rats
71 creatures vanquished.

Vanquished Creatures (others)
  3 plants (D:2)
3 creatures vanquished.

Grand Total: 74 creatures vanquished

Notes
Turn   | Place    | Note
-------+----------+-------------------------------------------
     0 | D:1      | GigaChad the Minotaur Gladiator began the quest for the
                  | Orb.
     0 | D:1      | Reached XP level 1. HP: 18/18 MP: 0/0
    42 | D:1      | Found a faded altar of an unknown god.
   576 | D:1      | Reached XP level 2. HP: 25/25 MP: 1/1
   801 | D:2      | Reached skill level 4 in Axes
  1039 | D:2      | Reached XP level 3. HP: 30/30 MP: 2/2
  1785 | D:3      | Found an ornate altar of the Wu Jian Council.
  1823 | D:3      | Reached skill level 1 in Armour
  1824 | D:3      | Reached XP level 4. HP: 21/37 MP: 3/3
  2328 | D:3      | Reached skill level 5 in Axes
  2512 | D:3      | Found a basalt altar of Yredelemnul.
  2732 | D:4      | Reached XP level 5. HP: 45/45 MP: 4/4
  2814 | D:4      | Noticed an ogre
  2817 | D:4      | Found a shimmering altar of Xom.
  2821 | D:4      | Killed an ogre
  3486 | D:4      | Noticed Blork the orc
  3496 | D:4      | Killed Blork the orc
  3497 | D:4      | Reached skill level 6 in Axes
  3497 | D:4      | Reached XP level 6. HP: 23/52 MP: 5/5
  3968 | D:4      | Slain by a killer bee

Illustrated notes

Levels and vault maps discovered:
D:1:      minmay_arrival_shattered_statue, layout_loops_cross,
          shapermc_ecumenical_altar_acropolis
D:2:      layout_rooms, serial_co_window_serial, co_window_of_opportunity_a,
          co_window_corner_a, co_window_paths_b, co_window_corner_a,
          co_window_corner_a, co_window_of_opportunity_a, co_window_broadway_c,
          co_window_broadway_a, co_window_2corner, co_window_broadway_a,
          co_window_paths_c, co_window_2corner, co_window_broadway_b,
          minmay_misc_feat_tower, serial_bayou_pond_c
D:3:      layout_basic, mainiacjoe_overflow_brackets,
          lemuel_zombie_altar_yredelemnul, minmay_checkerbox
D:4:      layout_gridville, mainiacjoe_overflow_cross_hatched, xom_butterflies,
          uniq_blork_the_orc

Skill      XL: |  1  2  3  4  5  6 |
---------------+-------------------+-----
Axes           | 4 5 6 |  6.2
Armour         | 1 3 4 |  4.0
Fighting       | 3 |  3.9
Dodging        | 4 |  4.0
Throwing       | |  2.3

Action                   |  1- 3 |  4- 6 || total
-------------------------+-------+-------++-------
Melee: War axe           |    65 |    84 ||   149
       Headbutt          |     4 |    12 ||    16
  Use: Scroll            |     7 |       ||     7
Armor: Chain mail        |    52 |    57 ||   109
       Leather armour    |     1 |       ||     1
Dodge: Dodged            |    40 |    49 ||    89
